 Dungeon Crawl Stone Soup version 0.31-a0-251-gdc1e01ee57 (webtiles) character file.

Game seed: 5760200806334037859

514 qw the Shooter (level 7, -3/43 HPs)
             Began as a Gargoyle Hexslinger on July 12, 2023.
             Slain by a two-headed ogre
             ... wielding a +0 dire flail
              (15 damage)
             ... on level 5 of the Dungeon.
             The game lasted 00:01:13 (3423 turns).

qw the Shooter (Gargoyle Hexslinger)                Turns: 3423, Time: 00:01:14

Health: -3/43      AC: 11    Str: 11    XL:     7   Next: 20%
Magic:  8/8        EV: 10    Int: 14    God:
Gold:   91         SH:  5    Dex: 14    Spells: 7/8 levels left

rFire   . . .        m - +1 sling (heavy)
rCold   . . .        (no shield)
rNeg    + + .        e - +0 ring mail
rPois   inf          (no helmet)
rElec   +            (no cloak)
rCorr   .            (no gloves)
SInv    .            a - +0 pair of boots
Will    .....        l - amulet of reflection
Stlth   +            k - ring of positive energy
HPRegen 0.27/turn    (no ring)
MPRegen 0.11/turn

%: reflection
@: no status effects
A: sickness immunity, AC +4, negative energy resistance 1, electricity
resistance, torment resistance 1, petrification resistance
a: no special abilities


You were on level 5 of the Dungeon.
You visited 1 branch of the dungeon, and saw 5 of its levels.

You collected 265 gold pieces.
You spent 174 gold pieces at shops.


Innate Abilities, Weirdness & Mutations

You are immune to sickness and miasma.
Your stone body is resilient. (AC +4)
You are immune to poison.
You resist negative energy. (rN+)
You are resistant to electric shocks. (rElec)
You are resistant to unholy torment.
You are immune to petrification.


   Skills:
 - Level 4.2 Fighting
 + Level 6.4 Ranged Weapons
 - Level 1.2 Armour
 - Level 1.5 Dodging
 - Level 1.0 Spellcasting
 - Level 2.6 Hexes


You had 7 spell levels left.
You knew the following spells:

 Your Spells              Type           Power      Damage    Failure   Level
a - Slow                  Hex            32%        N/A       21%         1

Your spell library contained the following spells:

 Spells                   Type           Power      Damage    Failure   Level
 Inner Flame              Hex/Fire       4%         N/A       71%         3
 Portal Projectile        Hex/Tloc       8%         N/A       71%         3
 Cause Fear               Hex            4%         N/A       90%         4

Inventory:

Hand Weapons
 m - a +1 heavy sling (weapon)
Armour
 a - a +0 pair of boots (worn)
 b - a +0 helmet
 e - a +0 ring mail (worn)
 i - the +0 ring mail "Bumibeaso" {rC- rN+ Regen+ Int+3}
   (You bought it in a shop on level 5 of the Dungeon)

   Int:       It affects your intelligence (+3).
   rC:        It makes you vulnerable to cold.
   rN:        It protects you from negative energy.
   Regen:     It increases your rate of health regeneration.
Jewellery
 k - a ring of positive energy (left hand)
 l - an amulet of reflection (around neck)
Scrolls
 f - 2 scrolls of identify
 g - 3 scrolls of teleportation
Potions
 c - a potion of mutation
 d - a potion of might
 h - a potion of heal wounds
 j - a potion of cancellation
 n - a potion of enlightenment
 o - a potion of haste
 q - a potion of curing {unknown}

Dungeon Overview and Level Annotations

Branches:
Dungeon (5/15)
 Temple: D:4-7

Altars:
Fedhas

Shops:
D:5 [


Message History

3383 ||| SHOPLISTING +0 ring mail of Untold Secrets {Rampage *Corrode SInv} (115 gold, have 91).
You can access your shopping list by pressing '$'.
You reach down and open the door.
There is an open door here.
You reach down and open the door.
There is an open door here.
There is an open door here.
You reach down and open the door.
You are starting to lose your buoyancy.
There is an open door here.
You float gracefully downwards.
Your enlightenment fades.
You see here a scroll of vulnerability.
A two-headed ogre comes into view.
It is wielding a +0 dire flail and a +0 giant club.
The two-headed ogre shouts in stereo!
You shoot a sling bullet.
The sling bullet hits the two-headed ogre.
The two-headed ogre is lightly wounded.
You shoot a sling bullet.
The sling bullet hits the two-headed ogre!
The two-headed ogre is lightly wounded.
You shoot a sling bullet.
The sling bullet hits the two-headed ogre!
The two-headed ogre is moderately wounded.
You shoot a sling bullet.
The sling bullet closely misses the two-headed ogre.
The two-headed ogre hits you with a +0 dire flail!
The two-headed ogre hits you with a +0 giant club!
You shoot a sling bullet.
The sling bullet hits the two-headed ogre.
The two-headed ogre is moderately wounded.
You block the two-headed ogre's attack.
The two-headed ogre hits you with a +0 giant club!
You shoot a sling bullet.
The sling bullet hits the two-headed ogre!
The two-headed ogre is severely wounded.
The two-headed ogre closely misses you. The two-headed ogre barely misses you.
You block the two-headed ogre's attack.
The two-headed ogre hits you with a +0 giant club!
You die...

##+##... #......#
#...# #......#
#...+ . #......+
#...#+#. #......#
#.?.... #......#
+....#
#......####....##
#####...<..O....#
#......@....+
#...........#
#...........#
#...........#
#####...........#
#..[....####.....#
#.......#..#.....#
#(.....?#..#.....#
#.....\.#..#.....+


You could see a two-headed ogre.

Vanquished Creatures
  A water moccasin (D:4)
  A black bear (D:4)
  A scorpion (D:4)
  A hound (D:4)
  A jelly (D:4)
  A sleepcap (D:4)
  2 iguanas (D:4)
  6 adders
  3 worms
  2 orcs (D:4)
  4 ball pythons
  5 endoplasms
  3 giant cockroaches
  5 goblins
  4 hobgoblins
  6 jackals
  6 kobolds
  2 quokkas
  7 bats
  A frilled lizard (D:2)
  5 rats
67 creatures vanquished.

Notes
Turn   | Place    | Note
-------+----------+-------------------------------------------
     0 | D:1      | qw the Gargoyle Hexslinger began the quest for the Orb.
     0 | D:1      | Reached XP level 1. HP: 12/12 MP: 2/2
     0 | D:1      | 0 ||| qw: Version: 0.3-a-52-g30416fa
     0 | D:1      | 0 ||| qw: Game counter: 6582
     0 | D:1      | 0 ||| qw: Melee chars always use a shield: true
     0 | D:1      | 0 ||| qw: God list: Okawaru
     0 | D:1      | 0 ||| qw: Allow faded altars: false
     0 | D:1      | 0 ||| qw: Do Orc after clearing Dungeon:15 true
     0 | D:1      | 0 ||| qw: Do second Lair branch before Depths: true
     0 | D:1      | 0 ||| qw: Lair rune preference: random
     0 | D:1      | 0 ||| qw: Goals: Normal
     0 | D:1      | 0 ||| PLANNING D:1-11
    77 | D:1      | Reached XP level 2. HP: 16/16 MP: 3/3
   269 | D:1      | 269 ||| READING scroll labelled XYONUN OCLOSMACUU.
   270 | D:1      | 270 ||| READING scroll labelled SIOSHITHRURGHO.
   566 | D:1      | Reached skill level 3 in Ranged Weapons
   861 | D:1      | 861 ||| UPGRADING to +0 leather armour.
   871 | D:1      | 871 ||| DROPPING +0 robe.
   872 | D:1      | 872 ||| READING scroll labelled ODERU TUNWUAKK.
   973 | D:1      | 973 ||| READING scroll labelled CEATUQ TYOL.
   974 | D:1      | 974 ||| DRINKING 2 silvery potions.
   975 | D:1      | 975 ||| DROPPING scroll of poison.
   976 | D:1      | 976 ||| DROPPING potion of degeneration.
  1096 | D:2      | Reached XP level 3. HP: 9/21 MP: 4/4
  1335 | D:2      | Found a faded altar of an unknown god.
  1538 | D:2      | 1538 ||| UPGRADING to ring of positive energy.
  1539 | D:2      | 1539 ||| READING scroll labelled FIGOSOOTONN.
  1540 | D:2      | 1540 ||| READING 2 scrolls labelled WUJ ABIKIFEINA.
  1541 | D:2      | 1541 ||| READING scroll of brand weapon.
  1541 | D:2      | 1541 ||| BRANDING +1 sling of flaming.
  1542 | D:2      | 1542 ||| DRINKING 2 bubbling orange potions.
  1543 | D:2      | 1543 ||| READING 3 scrolls of identify.
  1543 | D:2      | 1543 ||| IDENTIFYING brown potion
  1544 | D:2      | 1544 ||| READING 2 scrolls of identify.
  1544 | D:2      | 1544 ||| IDENTIFYING fizzy clear potion
  1596 | D:3      | Reached XP level 4. HP: 26/26 MP: 5/5
  1735 | D:3      | Reached skill level 4 in Ranged Weapons
  1760 | D:3      | Found a blossoming altar of Fedhas.
  1954 | D:3      | You fall into a shaft and drop 1 floor!
  1955 | D:4      | 1955 ||| UPGRADING to +0 ring mail.
  1965 | D:4      | 1965 ||| DROPPING +0 leather armour.
  1966 | D:4      | 1966 ||| UPGRADING to amulet of reflection.
  1971 | D:4      | 1971 ||| READING scroll labelled JEALUA YBOHUFFAWO.
  1972 | D:4      | 1972 ||| READING 4 scrolls of identify.
  1972 | D:4      | 1972 ||| IDENTIFYING purple potion
  1973 | D:4      | 1973 ||| READING 3 scrolls of identify.
  1973 | D:4      | 1973 ||| IDENTIFYING lumpy clear potion
  1974 | D:4      | 1974 ||| READING 2 scrolls of identify.
  1974 | D:4      | 1974 ||| IDENTIFYING metallic white potion
  1975 | D:4      | 1975 ||| DROPPING potion of brilliance.
  1976 | D:4      | 1976 ||| DROPPING potion of lignification.
  2204 | D:3      | 2204 ||| UPGRADING to +0 pair of boots.
  2267 | D:4      | Reached skill level 1 in Armour
  2332 | D:4      | Reached XP level 5. HP: 30/30 MP: 6/6
  2412 | D:4      | Reached skill level 5 in Ranged Weapons
  2421 | D:4      | Noticed a black bear
  2429 | D:4      | Killed a black bear
  2430 | D:4      | Reached skill level 3 in Fighting
  2430 | D:4      | Reached XP level 6. HP: 27/38 MP: 7/7
  2625 | D:4      | Noticed a water moccasin
  2639 | D:4      | Killed a water moccasin
  2640 | D:4      | Reached skill level 6 in Ranged Weapons
  2743 | D:4      | Reached XP level 7. HP: 43/43 MP: 8/8
  3345 | D:4      | 3345 ||| READING scroll labelled JABYH XEETSEC.
  3346 | D:4      | 3346 ||| READING scroll labelled XIP FOCACOEMOTT.
  3347 | D:4      | 3347 ||| READING scroll labelled UNOKLE HOME.
  3348 | D:4      | 3348 ||| READING 2 scrolls labelled BOYNTA BIRCHIFA.
  3349 | D:4      | 3349 ||| DRINKING 2 lumpy golden potions.
  3350 | D:4      | 3350 ||| READING 2 scrolls of identify.
  3350 | D:4      | 3350 ||| IDENTIFYING lumpy blue potion
  3351 | D:4      | 3351 ||| DROPPING scroll of fear.
  3361 | D:5      | Entered Level 5 of the Dungeon
  3368 | D:5      | Found Tutiel's Armour Boutique.
  3383 | D:5      | 3383 ||| BUYING +0 ring mail "Bumibeaso" {rC- rN+ Regen+
                  | Int+3} (174 gold).
  3383 | D:5      | Bought the +0 ring mail "Bumibeaso" {rC- rN+ Regen+ Int+3}
                  | for 174 gold pieces
  3383 | D:5      | 3383 ||| SHOPLISTING +0 ring mail of Untold Secrets
                  | {Rampage *Corrode SInv} (115 gold, have 91).
  3417 | D:5      | Noticed a two-headed ogre
  3423 | D:5      | Slain by a two-headed ogre

Levels and vault maps discovered:
D:1:      lemuel_arrival_rhombus, layout_loops_corners, serial_glass,
          glass_columns_c, glass_columns_a, glass_columns_b, glass_columns_a,
          glass_columns_c, glass_columns_a, kennysheep_doodads
D:2:      layout_rooms, hellmonk_ecumenical_altar_crossroads,
          minmay_pentomino_w2
D:3:      layout_basic, mainiacjoe_overflow_concentric_impassable, minivault_5
D:4:      layout_gridville, serial_rivers, chequers_serial_rivers_micro_a,
          chequers_serial_rivers_small_b, chequers_serial_rivers_micro_b,
          chequers_serial_rivers_micro_a, chequers_serial_rivers_room_a,
          chequers_serial_rivers_small_a, serial_bayou_pond_d,
          kennysheep_generic_room_3
D:5:      layout_gridville, old_standard_altar,
          mainiacjoe_overflow_small_starburst, serial_shops, shop, shop,
          nicolae_shop_behind_doors

Skill      XL: |  1  2  3  4  5  6 |
---------------+-------------------+-----
Ranged Weapons | 3 4 5 6 |  6.4
Fighting       | 2 3 4 |  4.2
Armour         | 1 |  1.2
Dodging        | |  1.5
Spellcasting   | |  1.0
Hexes          | |  2.6

Action                     |  1- 3 |  4- 6 |  7- 9 || total
---------------------------+-------+-------+-------++-------
   Fire: Sling             |   104 |   110 |    28 ||   242
    Use: Scroll            |     9 |     4 |     5 ||    18
         Potion            |     2 |       |     1 ||     3
 Armour: Robe              |     5 |       |       ||     5
         Leather armour    |    23 |     1 |       ||    24
         Ring mail         |       |    37 |     5 ||    42
  Dodge: Dodged            |    31 |    42 |     7 ||    80
  Block: Other             |       |    21 |     5 ||    26

Table legend:
 A = Non-vault XP
 B = Vault XP
 C = Vault XP percentage of total XP
 D = Non-vault monster count
 E = Vault monster count
 F = Vault count percentage of total count
                 A         B        C        D         E       F
            +---------+---------+-------+---------+---------+-------
      Total |     685 |      50 |   6.8 |      64 |       3 |   4.5
            +---------+---------+-------+---------+---------+-------
        D:1 |      21 |       0 |   0.0 |      13 |       0 |   0.0
        D:2 |      42 |      13 |  23.6 |      16 |       1 |   5.9
        D:3 |      33 |       0 |   0.0 |      11 |       0 |   0.0
        D:4 |     589 |      37 |   5.9 |      24 |       2 |   7.7
            +---------+---------+-------+---------+---------+-------
